 Dungeon Crawl Stone Soup version 0.27.1 (webtiles) character file.

Game seed: 5006283693965669856

9 ZARRMARR the Insei (level 2, -2/18 HPs)
             Began as an Octopode Transmuter on Sept 3, 2021.
             Succumbed to a kobold's poison
             ... on level 1 of the Dungeon.
             The game lasted 00:01:07 (762 turns).

ZARRMARR the Insei (Octopode Transmuter)             Turns: 762, Time: 00:01:07

Health: -2/18      AC:  1    Str:  9    XL:     2   Next: 16%
Magic:  4/5        EV: 13    Int: 15    God:
Gold:   0          SH:  0    Dex: 12    Spells: 4/5 levels left

rFire    . . .     SeeInvis .     - Unarmed
rCold    + . .     Faith    .   (no shield)
rNeg     . . .     Spirit   .   (helmet restricted)
rPois    .         Reflect  .   (no amulet)
rElec    .         Harm     .   a - ring of protection from cold
rCorr    .         Rampage  .   (no ring)
Will     .....                  (no ring)
Stlth    ++........             (no ring)
HPRegen  0.06/turn              (no ring)
MPRegen  0.09/turn              (no ring)
                                (no ring)
                                (no ring)

@: lethally poisoned (-2 -> -30)
A: almost no armour, amphibious, 8 rings, camouflage 1, gelatinous body 1,
(nimble swimmer 1), tentacles
a: no special abilities


You were on level 1 of the Dungeon.
You visited 1 branch of the dungeon, and saw 1 of its levels.

Inventory:

Jewellery
 a - a ring of protection from cold (left tentacle)


   Skills:
 - Level 1.0 Fighting
 - Level 2.0 Dodging
 + Level 3.5 Unarmed Combat
 - Level 2.0 Spellcasting
 - Level 2.0 Transmutations


You had 4 spell levels left.
You knew the following spells:

 Your Spells              Type           Power      Damage    Failure   Level
a - Beastly Appendage     Tmut           14%        N/A       10%         1

Your spell library contained the following spells:

 Spells                   Type           Power      Damage    Failure   Level
 Wereblood                Tmut           7%         N/A       14%         2
 Spider Form              Tmut/Pois      2%         N/A       41%         3
 Ice Form                 Ice/Tmut       4%         N/A       82%         4


Dungeon Overview and Level Annotations

Branches:
Dungeon (1/15)

Altars:


Innate Abilities, Weirdness & Mutations

You cannot wear most types of armour.
You are amphibious.
You can wear up to eight rings at the same time.
Your skin changes colour to match your surroundings (Stealth+).
Your rubbery body absorbs attacks. (AC +1, EV +1)
((You are camouflaged near water. (Stealth+)))
You have tentacles for arms and can constrict up to eight enemies at once.


Message History

A ball python and a kobold come into view.
The kobold is wielding a +1 dagger of venom.
Casting: Beastly Appendage (safe; 10% risk of failure)
Confirm with . or Enter, or press ? or * to list all spells.
One of your tentacles grows a vicious spike.
The ball python hisses angrily.
The kobold shouts!
Found a stone staircase leading down.
The kobold throws a stone.
The stone barely misses you.
Your transformation is almost over.
You tentacle-slap the ball python.
You kill the ball python!
The kobold hits you with a +1 dagger of venom.
You are poisoned.
You tentacle-slap the kobold. Your grab misses the kobold.
Your tentacle spike misses the kobold.
Your squeeze misses the kobold.
The kobold is severely wounded.
You feel sick. The kobold closely misses you.
You tentacle-slap the kobold but do no damage.
Your grab misses the kobold.
The kobold is severely wounded.
You feel sick. The kobold hits you but does no damage.
You are lethally poisoned!
You miss the kobold. Your grab misses the kobold.
Your tentacle spike misses the kobold.
The kobold is severely wounded.
You feel very sick.
The kobold hits you with a +1 dagger of venom.
You are more poisoned.
It was a potion of cancellation.
Your magical effects are unravelling.
You feel magically purged.
Your tentacle spike disappears.
* * * LOW HITPOINT WARNING * * *
You feel very sick.
The kobold hits you with a +1 dagger of venom.
* * * LOW HITPOINT WARNING * * *
You are more poisoned.
You closely miss the kobold. Your grab misses the kobold.
The kobold is severely wounded.
You die...

#...#.# .> ###.#.#.# #.
###...P..(. ..
#...♣.P♣... # #.
#.#.♣♣♣♣... #.#.
#.#......#. .###.#.
#.##..♣...#
......K#######.#..P.###.
.......@.........#### #.
####..........#### #.
.....[....###.#########.
.......#### #.÷.........
####### ############


You could see a kobold.

Vanquished Creatures
  A ball python (D:1)
  An endoplasm (D:1)
  2 goblins (D:1)
  A hobgoblin (D:1)
  A bat (D:1)
  2 kobolds (D:1)
8 creatures vanquished.

Notes
Turn   | Place    | Note
-------+----------+-------------------------------------------
     0 | D:1      | ZARRMARR the Octopode Transmuter began the quest for the
                  | Orb.
     0 | D:1      | Reached XP level 1. HP: 13/13 MP: 3/3
   477 | D:1      | Reached XP level 2. HP: 18/18 MP: 3/5
   762 | D:1      | Succumbed to a kobold's poison

Illustrated notes

Levels and vault maps discovered:
D:1:      ncdulo_wetmaze, layout_loops_ring, serial_forest,
          infiniplex_forest_end_3, infiniplex_forest_clump_small,
          infiniplex_forest_lined_3, infiniplex_forest_lined_corner,
          infiniplex_forest_corner_1

Action                   || total
-------------------------++-------
Melee: Unarmed           ||    21
       Constrict         ||     5
       Kick              ||     1
       Tentacles         ||     1
 Cast: Beastly Appendage ||     5
  Use: Potion            ||     1
 Stab: Sleeping          ||     1
Armor: Skin              ||     1
Dodge: Dodged            ||     8
